 Dungeon Crawl Stone Soup version 0.26.0-45-g9c1d065592 (webtiles) character file.

Game seed: 8781978199785071000

429 H0rd4k the Insei (level 6, -12/58 HPs)
             Began as an Octopode Transmuter on Jan 28, 2021.
             Killed from afar by an orc wizard (15 damage)
             ... with a puff of flame
             ... on level 3 of the Dungeon.
             The game lasted 00:02:58 (3865 turns).

H0rd4k the Insei (Octopode Transmuter)              Turns: 3865, Time: 00:02:58

Health: -12/58     AC:  1    Str:  9    XL:     6   Next: 98%
Magic:  9/9        EV: 14    Int: 17    God:
Gold:   74         SH:  0    Dex: 13    Spells: 9/10 levels left

rFire    . . .     SeeInvis .     - Unarmed
rCold    . . .     Faith    .   (no shield)
rNeg     . . .     Spirit   .   (helmet restricted)
rPois    .         Reflect  .   (no amulet)
rElec    .         Harm     .   (no ring)
rCorr    .         Rampage  .   (no ring)
Will     .....                  (no ring)
Stlth    ..........             (no ring)
HPRegen  0.19/turn              (no ring)
MPRegen  0.11/turn              (no ring)
                                (no ring)
                                (no ring)

@: berserking (expiring), very quick
A: almost no armour, stealthy swim, amphibious, 8 rings, constrict 8, camouflage
1, gelatinous body 1
a: no special abilities


You were on level 3 of the Dungeon.
You visited 1 branch of the dungeon, and saw 4 of its levels.

You collected 74 gold pieces.

Inventory:

Wands
 i - a wand of polymorph (7)
 k - a wand of acid (10)
 l - a wand of disintegration (21)
Scrolls
 a - a scroll of enchant weapon {unknown}
 b - a scroll of blinking {unknown}
 e - a scroll of enchant armour {unknown}
 g - 4 scrolls of remove curse {unknown}
 h - a scroll of amnesia {unknown}
 n - a scroll of magic mapping {unknown}
Potions
 c - a potion of experience {unknown}
 j - a potion of brilliance {unknown}
 m - a potion of mutation {unknown}


   Skills:
 + Level 1.9 Fighting
 + Level 2.9 Dodging
 + Level 5.0 Stealth
 + Level 5.4 Unarmed Combat
 + Level 2.5 Spellcasting
 + Level 2.4 Transmutations


You had 9 spell levels left.
You knew the following spells:

 Your Spells              Type           Power        Failure   Level
a - Beastly Appendage     Tmut           20%          7%          1

Your spell library contained the following spells:

 Spells                   Type           Power        Failure   Level
 Wereblood                Tmut           10%          10%         2
 Spider Form              Tmut/Pois      3%           32%         3
 Ice Form                 Ice/Tmut       6%           73%         4
 Blade Hands              Tmut           5%           88%         5


Dungeon Overview and Level Annotations

Branches:
Dungeon (4/15)             Temple (0/1) D:4

Altars:
Dithmenos
Hepliaklqana
Ru
Trog

Annotations:
D:4 exclusion: phantom


Innate Abilities, Weirdness & Mutations

You cannot wear most types of armour.
You are very stealthy in the water. (Stealth+)
You are amphibious.
You can wear up to eight rings at the same time.
You can use your tentacles to constrict eight enemies at once.
Your skin changes colour to match your surroundings (Stealth+).
Your rubbery body absorbs attacks. (AC +1, EV +1)


Message History

You closely miss the goblin. Your grab misses the goblin.
You closely miss the goblin. Your grab misses the goblin. The goblin hits you.
* * * LOW HITPOINT WARNING * * *
You bludgeon the goblin!
You kill the goblin!
You barely miss the bat. Your grab misses the bat. Your squeeze misses the bat.
The bat closely misses you.
You miss the bat. Your grab misses the bat. You tentacle-slap the bat.
You kill the bat!
You barely miss the orc. You grab the orc. You constrict the orc.
The orc barely misses you.
You bludgeon the orc!
You kill the orc!
Items here: )) ? [[ ††.
You feel a strong urge to attack something.
You hear some strange, mumbled words.
A puff of flame appears from out of thin air!
Deactivating autopickup; reactivate with Ctrl-A.
The puff of flame hits you!
You die...

.........####....######
...>... +.............
...... ####...##.####
..... ##.......# ....#
##.##.#.# . ..#
#.##.#.# #'#{#
##.##.#.# #.#)#
#.....#.# #####.#@#
##.####.# ........# #.#
.# ........# #.####.#
###.....### #......#
#.......# #.######
#.#.....######.#
#..............#
......###########
######


There were no monsters in sight!

Vanquished Creatures
  3 orc priests (D:3)
  5 orc wizards
  Jessica (D:2)
  Natasha (twice) (D:2)
  4 adders
  An ooze (D:1)
  4 dart slugs
  2 leopard geckos
  10 orcs
  A ball python (D:3)
  7 bats
  A giant cockroach (D:3)
  12 goblins
  6 hobgoblins
  2 quokkas
  2 frilled lizards (D:1)
  6 kobolds
  2 rats
71 creatures vanquished.

Notes
Turn   | Place    | Note
-------+----------+-------------------------------------------
     0 | D:1      | H0rd4k the Octopode Transmuter began the quest for the Orb.
     0 | D:1      | Reached XP level 1. HP: 13/13 MP: 3/3
   239 | D:1      | Reached XP level 2. HP: 18/18 MP: 5/5
   448 | D:1      | Reached skill level 1 in Stealth
   601 | D:1      | Reached XP level 3. HP: 20/23 MP: 6/6
   774 | D:2      | Noticed Natasha
   781 | D:2      | Killed Natasha
   938 | D:2      | Reached XP level 4. HP: 22/28 MP: 7/7
  1092 | D:2      | Noticed Jessica
  1095 | D:2      | Killed Jessica
  1252 | D:2      | Found a sacrificial altar of Ru.
  1316 | D:2      | Noticed Natasha
  1331 | D:2      | Killed Natasha
  1332 | D:2      | Reached XP level 5. HP: 11/33 MP: 8/8
  2531 | D:3      | Reached XP level 6. HP: 11/39 MP: 7/9
  2533 | D:3      | Reached skill level 5 in Unarmed Combat
  2993 | D:4      | Noticed a phantom
  3033 | D:4      | Found a staircase to the Ecumenical Temple.
  3412 | D:3      | Found a bloodstained altar of Trog.
  3640 | D:3      | Found a shadowy altar of Dithmenos.
  3640 | D:3      | Noticed a shadow
  3646 | D:3      | Found a hazy altar of Hepliaklqana.
  3856 | D:3      | Reached skill level 5 in Stealth
  3858 | D:3      | HP: 2/58 [goblin (2)]
  3865 | D:3      | Killed from afar by an orc wizard

Illustrated notes

Levels and vault maps discovered:
D:1:      lightli_iron_boxes, layout_basic, minmay_quantized
D:2:      layout_basic, hangedman_ru_absence, minmay_misc_feat_tiny,
          uniq_jessica, uniq_natasha
D:3:      layout_loops_corners, riverfiend_overflow_shadow_ancestor,
          lemuel_crystal_altar
D:4:      layout_basic, grunt_temple_overflow_gold_and_silver,
          minmay_temple_entry_glass

Skill      XL: |  1  2  3  4  5  6 |
---------------+-------------------+-----
Stealth        | 1 2 4 5 |  5.0
Unarmed Combat | 4 5 |  5.4
Fighting       | |  1.9
Dodging        | |  2.9
Spellcasting   | |  2.5
Transmutations | |  2.4

Action                   |  1- 3 |  4- 6 || total
-------------------------+-------+-------++-------
Melee: Unarmed           |    52 |   143 ||   195
       Constrict         |    16 |    31 ||    47
       Tentacles         |     3 |    19 ||    22
       Punch             |     1 |     5 ||     6
       Kick              |       |    18 ||    18
 Cast: Beastly Appendage |       |     8 ||     8
  Use: Potion            |       |     2 ||     2
 Stab: Sleeping          |     5 |    13 ||    18
Armor: Skin              |     5 |     7 ||    12
Dodge: Dodged            |    30 |    59 ||    89
